 Dungeon Crawl Stone Soup version 0.31-a0-149-g3fdcc5976a (webtiles) character file.

Game seed: 14446794109300502558

66 qw the Shooter (level 3, 0/31 HPs)
             Began as a Minotaur Hunter on June 7, 2023.
             Succumbed to an adder's poison
             ... on level 2 of the Dungeon.
             The game lasted 00:00:51 (1033 turns).

qw the Shooter (Minotaur Hunter)                    Turns: 1033, Time: 00:00:52

Health: 0/31       AC:  3    Str: 15    XL:     3   Next: 96%
Magic:  2/2        EV: 12    Int:  6    God:
Gold:   61         SH:  0    Dex: 15    Spells: 2/2 levels left

rFire   . . .        Y - +1 shortbow
rCold   . . .        (shield currently unavailable)
rNeg    . . .        c - +0 leather armour
rPois   .            (helmet restricted)
rElec   .            (no cloak)
rCorr   .            (no gloves)
SInv    .            (no boots)
Will    .....        (no amulet)
Stlth   +            (no ring)
HPRegen 0.25/turn    (no ring)
MPRegen 0.08/turn

%: no passive effects
@: lethally poisoned (0 -> -3)
A: horns 2, retaliatory headbutt
a: no special abilities


You were on level 2 of the Dungeon.
You visited 1 branch of the dungeon, and saw 2 of its levels.

You collected 61 gold pieces.


Innate Abilities, Weirdness & Mutations

You have a pair of horns on your head.
You reflexively headbutt those who attack you in melee.


   Skills:
 - Level 3.0 Fighting
 + Level 5.9 Ranged Weapons
 - Level 2.1 Dodging
 - Level 0.7 Stealth


You had 2 spell levels left.
You didn't know any spells.
Your spell library was empty.

Inventory:

Hand Weapons
 Y - a +1 shortbow (weapon)
Armour
 c - a +0 leather armour (worn)
Scrolls
 a - a scroll of identify
 b - a scroll of brand weapon {unknown}
Potions
 e - a potion of curing

Dungeon Overview and Level Annotations

Branches:
Dungeon (2/15)

Altars:


Message History

Natasha claws you!
You shoot an arrow. The arrow hits Natasha!
Natasha is heavily wounded.
The cerulean imp barely misses you. Natasha closely misses you.
You furiously retaliate!
You headbutt Natasha. You shoot an arrow. The arrow barely misses Natasha.
The cerulean imp closely misses you. Natasha claws you.
You shoot an arrow. The arrow closely misses Natasha.
The adder completely misses you. You furiously retaliate!
You headbutt the adder!
The cerulean imp hits you with a +0 spear.
Natasha barely misses you. You furiously retaliate!
You headbutt Natasha, but do no damage. The adder barely misses you.
You shoot an arrow. The arrow barely misses Natasha.
The cerulean imp hits you with a +0 spear.
Natasha barely misses you.
A frilled lizard comes into view.
The adder misses you.
The cerulean imp hits you with a +0 spear.
You shoot an arrow. The frilled lizard hisses angrily.
The arrow hits Natasha!
You kill Natasha!
Suddenly Natasha's spirit rises from her lifeless body.
The cerulean imp disappears in a puff of smoke!
The adder closely misses you. x2
You shoot an arrow. The arrow hits the adder.
The adder is almost dead.
The adder closely misses you.
You shoot an arrow.
The arrow hits the adder but does no damage.
The adder is almost dead.
The adder bites you. x2
You are lethally poisoned!
The adder poisons you!
You shoot an arrow. The arrow hits the adder!
You kill the adder!
You feel sick.
1033 ||| FLEEEEING.
You die...

. [. ... ##
##....
#.#####!...
#......l#
#...#...#
#...@.#.#
#..%### ..
#..<# ##
#...# #...#
#.........
..>..###...
####### #


You could see a frilled lizard.

Vanquished Creatures
  Natasha (D:2)
  An adder (D:2)
  3 dart slugs (D:1)
  3 endoplasms (D:1)
  A goblin (D:1)
  6 hobgoblins
  2 kobolds (D:1)
  A quokka (D:1)
  4 bats
  A frilled lizard (D:1)
  2 rats (D:1)
25 creatures vanquished.

Notes
Turn   | Place    | Note
-------+----------+-------------------------------------------
     0 | D:1      | qw the Minotaur Hunter began the quest for the Orb.
     0 | D:1      | Reached XP level 1. HP: 18/18 MP: 0/0
     0 | D:1      | 0 ||| qw: Version: 0.2-a-117-gc6b5c8b
     0 | D:1      | 0 ||| qw: Game counter: 2655
     0 | D:1      | 0 ||| qw: Always use a shield: true
     0 | D:1      | 0 ||| qw: God list: Okawaru
     0 | D:1      | 0 ||| qw: Allow faded altars: false
     0 | D:1      | 0 ||| qw: Do Orc after D:15 true
     0 | D:1      | 0 ||| qw: Do second Lair branch before Depths: true
     0 | D:1      | 0 ||| qw: Lair rune preference: random
     0 | D:1      | 0 ||| qw: Plans: Normal
     0 | D:1      | 0 ||| PLANNING D:1-11
    93 | D:1      | Reached XP level 2. HP: 14/25 MP: 1/1
    99 | D:1      | Reached skill level 5 in Ranged Weapons
   290 | D:1      | Reached skill level 3 in Fighting
   375 | D:1      | Reached XP level 3. HP: 31/31 MP: 2/2
   668 | D:1      | 668 ||| READING 3 scrolls labelled SUC YCSOZA.
   669 | D:1      | 669 ||| READING scroll labelled KOFINO XITATIT.
   670 | D:1      | 670 ||| READING 3 scrolls labelled QUSAPU OLAJATH.
   671 | D:1      | 671 ||| READING 2 scrolls of identify.
   671 | D:1      | 671 ||| IDENTIFYING glowing green potion
   672 | D:1      | 672 ||| DROPPING scroll of butterflies.
   673 | D:1      | 673 ||| DROPPING 2 scrolls of poison.
   675 | D:1      | 675 ||| Stepping ~*~*~tactically~*~*~ (cloud).
  1021 | D:2      | Noticed Natasha
  1028 | D:2      | HP: 5/31 [cerulean imp/+0 spear[Natasha] (4)]
  1029 | D:2      | Killed Natasha
  1031 | D:2      | HP: 2/31 [adder (1)]
  1033 | D:2      | 1033 ||| FLEEEEING.
  1033 | D:2      | Succumbed to an adder's poison

Levels and vault maps discovered:
D:1:      dpeg_arrival_short_road, layout_loops_cross,
          dreamdust_princess_bridge, minmay_stone_trees_small
D:2:      layout_rooms, serial_curves, eino_curves_01, eino_curves_01,
          eino_curves_02, uniq_robin, uniq_natasha

Skill      XL: |  1  2 |
---------------+-------+-----
Ranged Weapons | 5 |  5.9
Fighting       | 3 |  3.0
Dodging        | |  2.1
Stealth        | |  0.7

Action                     || total
---------------------------++-------
   Fire: Shortbow          ||   267
    Use: Scroll            ||     4
 Armour: Leather armour    ||     6
  Dodge: Dodged            ||    43

Table legend:
 A = Non-vault XP
 B = Vault XP
 C = Vault XP percentage of total XP
 D = Non-vault monster count
 E = Vault monster count
 F = Vault count percentage of total count
                 A         B        C        D         E       F
            +---------+---------+-------+---------+---------+-------
      Total |      59 |      36 |  37.9 |      24 |       1 |   4.0
            +---------+---------+-------+---------+---------+-------
        D:1 |      42 |       0 |   0.0 |      21 |       0 |   0.0
        D:2 |      17 |      36 |  67.9 |       3 |       1 |  25.0
            +---------+---------+-------+---------+---------+-------
